 Dungeon Crawl Stone Soup version 0.23.1 (webtiles) character file.

Game seed: 4581718212227871733

1153 Norn the Slinger (level 8, 0/54 HPs)
             Began as a Halfling Hunter on Mar 16, 2019.
             Slain by a centaur (8 damage)
             ... on level 5 of the Dungeon.
             The game lasted 00:14:07 (6534 turns).

Norn the Slinger (Halfling Hunter)                  Turns: 6534, Time: 00:14:07

Health: 0/54       AC:  6    Str: 18    XL:     8   Next: 65%
Magic:  8/8        EV: 16    Int: 11    God:
Gold:   271        SH:  0    Dex: 15    Spells: 7/7 levels left

rFire    . . .     SeeInvis .   b - +2 dagger (elec)
rCold    . . .     Gourm    .   (shield restricted)
rNeg     . . .     Faith    .   m - +0 ring mail
rPois    .         Spirit   .   (no helmet)
rElec    .         Reflect  .   r - +0 cloak
rCorr    .         Harm     .   (no gloves)
MR       .....                  (no boots)
Stlth    ++........             (no amulet)
HPRegen  0.18/turn              (no ring)
MPRegen  0.11/turn              (no ring)

@: mighty
A: small, mutation resistance 1
a: no special abilities


You were on level 5 of the Dungeon.
You were not hungry.

You visited 1 branch of the dungeon, and saw 5 of its levels.
You also visited: Sewer.

You collected 271 gold pieces.

Inventory:

Hand Weapons
 a - a +1 hunting sling
 b - a +2 dagger of electrocution (weapon)
   (You took it off an orc on level 3 of the Dungeon)
 x - a +0 dagger of venom
   (You took it off an orc priest on level 3 of the Dungeon)
 z - a +0 short sword
Missiles
 d - 66 sling bullets
 j - 171 stones (quivered)
Armour
 m - a +0 ring mail (worn)
   (You found it on level 1 of the Dungeon)
 r - a +0 cloak (worn)
   (You found it on level 2 of the Dungeon)
 F - a +0 pair of boots
   (You found it on level 4 of the Dungeon)
 G - a +0 leather armour
Jewellery
 h - a cursed -3 ring of strength {unknown}
   (You found it on level 1 of the Dungeon)
Wands
 c - a wand of disintegration (11)
   (You found it on level 5 of the Dungeon)
 C - a wand of enslavement (9)
   (You found it on level 4 of the Dungeon)
Scrolls
 g - a scroll of amnesia {unknown}
 i - 4 scrolls of identify {@r1}
 k - 2 scrolls of teleportation {unknown}
 l - a scroll of enchant weapon {unknown}
 n - 3 scrolls of fear
 q - a scroll of noise {unknown}
 y - a scroll of blinking {unknown}
 A - a scroll of fog {unknown}
 B - a scroll of immolation {unknown}
 E - 2 scrolls of enchant armour {unknown}
Potions
 f - 2 potions of berserk rage {unknown}
 o - 4 potions of might
 p - a potion of magic {unknown}
 s - 3 potions of heal wounds {unknown}
 t - 2 potions of brilliance {unknown}
 u - 4 potions of curing {@q1}
 v - 2 potions of flight {unknown}
 w - 3 potions of haste {unknown}
 D - a potion of degeneration {unknown}
 H - a potion of ambrosia {unknown}
Comestibles
 e - 9 rations {!d}


   Skills:
 + Level 4.2 Fighting
 * Level 10.4 Slings
 + Level 5.3 Dodging
 - Level 5.0 Stealth


You had 7 spell levels left.
You didn't know any spells.
Your spell library contained the following spells:

 Spells                   Type           Power        Failure   Level  Hunger
 Sandblast                Erth           #.....       54%         1    ##.....
 Passwall                 Tmut/Erth      #.......     67%         2    ###....
 Stone Arrow              Conj/Erth      #.....       88%         3    ####...
 Petrify                  Tmut/Erth      #.......     99%         4    #####..
 Lee's Rapid Deconstruct  Erth           #.........   100%        5    ######.


Dungeon Overview and Level Annotations

Branches:
Dungeon (5/15)
 Temple: D:4-7

Altars:
Yredelemnul

Shops:
D:4 (

Annotations:
D:5 1 runed translucent door, Marnok's ghost, amateur HuGl


Innate Abilities, Weirdness & Mutations

You are small and have problems with some larger weapons.
You are somewhat resistant to further mutation.


Message History

Eating a chunk of flesh.
You eat the chunk of flesh.
The centaur is too close now for your liking.
A centaur is nearby!
A centaur comes into view.
What are your orders? t - Shout!
Orders for allies: a - Attack new target. r - Retreat! s - Stop attacking. g - Guard the area. f - Follow me.
Anything else - Cancel.
You shout for attention!
You hear a shout! x2
The centaur wields a +0 shortbow.
The centaur shoots an arrow.
The arrow hits you!
You start resting.
The worker ant is too close now for your liking.
The centaur unwields a +0 shortbow.
The centaur hits you! The worker ant barely misses you.
The centaur wields a +0 shortbow.
The centaur shoots an arrow.
The arrow closely misses you.
The worker ant bites you but does no damage.
You see here an arrow.
The centaur shoots an arrow.
The arrow hits you! The worker ant bites you.
* * * LOW HITPOINT WARNING * * *
You feel very mighty all of a sudden. The worker ant closely misses you.
You puncture the worker ant! The worker ant barely misses you.
You hit the worker ant.
Lightning courses through the worker ant!
You kill the worker ant!
The centaur wields a +0 shortbow.
The centaur shoots an arrow.
The arrow hits you.
* * * LOW HITPOINT WARNING * * *
The centaur shoots an arrow.
The arrow barely misses you.
The centaur unwields a +0 shortbow.
The centaur closely misses you.
The centaur unwields a +0 shortbow.
The centaur barely misses you.
You see here an arrow.
You completely miss the centaur. The centaur closely misses you.
The centaur completely misses you. The centaur closely misses you.
The centaur hits you.
* * * LOW HITPOINT WARNING * * *
You hit the centaur. The centaur hits you.
* * * LOW HITPOINT WARNING * * *
The centaur hits you but does no damage.
You barely miss the centaur. The centaur closely misses you.
The centaur barely misses you. The centaur completely misses you.
The centaur barely misses you.
You puncture the centaur! The centaur hits you!
* * * LOW HITPOINT WARNING * * *
The centaur hits you!
You die...

##.# #.........# .# #.#
##.......## .. #.### #......## #.
..# #...########.#.#.###...
###..#.......#.......
##.#.#######.#..# .
#.#<##........## #.#
##.#.#.รท#.cc##(######.####
#####......#..#@##...........#
##.....#...#..##(##...........###
...........#.###.##..............
.............##..##............S.
...........#..#.###............#
...........##.#.# #..c....((...#.
...........##...# #........((((a.
##.........#...####............#.
###....................####.#(#


You could see 2 centaurs.

Vanquished Creatures
  An ice beast (D:3)
  An ogre (D:4)
  A big kobold (Sewer)
  A howler monkey (D:4)
  A crimson imp (D:5)
  4 hounds
  3 bullfrog skeletons
  A centaur skeleton (D:3)
  2 orc priests (D:3)
  Terence (D:3)
  Natasha (thrice) (D:3)
  2 worker ants
  7 gnolls
  16 adders
  A river rat (Sewer)
  3 oozes
  4 adder zombies
  An adder skeleton (D:4)
  6 worms
  2 dart slugs
  3 leopard geckos
  20 orcs
  5 giant cockroaches
  9 goblins
  10 hobgoblins
  3 jackals (D:1)
  A quokka (D:2)
  8 ball pythons
  6 bats
  3 frilled lizards
  8 kobolds
  A quokka skeleton (D:5)
  6 rats
144 creatures vanquished.

Notes
Turn   | Place    | Note
-------+----------+-------------------------------------------
     0 | D:1      | Norn the Halfling Hunter began the quest for the Orb.
     0 | D:1      | Reached XP level 1. HP: 14/14 MP: 1/1
    75 | D:1      | Reached skill level 6 in Slings
   118 | D:1      | Reached XP level 2. HP: 19/19 MP: 2/2
   508 | D:1      | Reached XP level 3. HP: 24/24 MP: 3/3
   521 | D:1      | You fall through a shaft!
  1158 | D:2      | Reached XP level 4. HP: 20/29 MP: 4/4
  2008 | D:3      | Found a glowing drain.
  2044 | D:3      | Reached skill level 7 in Slings
  2044 | D:3      | Reached XP level 5. HP: 35/35 MP: 5/5
  2076 | Sewer    | Entered a sewer
  2186 | Sewer    | Noticed a big kobold
  2196 | Sewer    | Killed a big kobold
  2196 | Sewer    | Reached XP level 6. HP: 36/41 MP: 6/6
  2415 | D:3      | Reached skill level 8 in Slings
  2774 | D:3      | Noticed an ice beast
  2789 | D:3      | Killed an ice beast
  2789 | D:3      | Reached XP level 7. HP: 12/46 MP: 7/7
  3187 | D:3      | Noticed Terence
  4025 | D:3      | Reached skill level 9 in Slings
  4270 | D:3      | Noticed Natasha
  4284 | D:3      | Killed Natasha
  4511 | D:3      | Killed Terence
  4571 | D:3      | Noticed Natasha
  4596 | D:3      | Killed Natasha
  4800 | D:3      | Noticed Natasha
  4866 | D:3      | Killed Natasha
  5200 | D:4      | Found Raxaoh's Antique Weapon Shoppe.
  5312 | D:4      | Reached XP level 8. HP: 48/54 MP: 8/8
  5641 | D:4      | Reached skill level 5 in Dodging
  5958 | D:4      | Found a basalt altar of Yredelemnul.
  6057 | D:5      | Entered Level 5 of the Dungeon
  6059 | D:5      | Found a runed translucent gate.
  6082 | D:5      | Noticed Marnok's ghost (amateur HuGl)
  6110 | D:5      | Reached skill level 10 in Slings
  6250 | D:5      | Reached skill level 5 in Stealth
  6534 | D:5      | Slain by a centaur

Skill      XL: |  1  2  3  4  5  6  7  8 |
---------------+-------------------------+-----
Slings         | 6 7 8 9 10 | 10.4
Fighting       | 2 3 4 |  4.2
Stealth        | 2 3 4 5 |  5.0
Dodging        | 3 4 5 |  5.3

Action                   |  1- 3 |  4- 6 |  7- 9 || total
-------------------------+-------+-------+-------++-------
Melee: Short sword       |    20 |       |       ||    20
       Dagger            |       |       |    69 ||    69
 Fire: Hunting sling     |    76 |   176 |   274 ||   526
  Use: Scroll            |       |       |     2 ||     2
       Potion            |       |       |     1 ||     1
  Eat: Chunk             |       |     6 |    11 ||    17
Armor: Leather armour    |     9 |       |       ||     9
       Ring mail         |     5 |    11 |    20 ||    36
Dodge: Dodged            |    30 |    21 |   108 ||   159
